 Dungeon Crawl Stone Soup version 0.31.0-7-gf635a9b802 (webtiles) character file.

Game seed: 1834136988850192342

571 Bnni the Digger (level 7, 0/51 (52) HPs)
             Began as a Formicid Earth Elementalist on Jan 23, 2024.
             Was a Follower of Cheibriados.
             Slain by an ogre
             ... wielding a +0 giant spiked club
              (31 damage)
             ... on level 5 of the Dungeon.
             The game lasted 00:06:33 (3436 turns).

Bnni the Digger (Formicid Earth Elementalist)       Turns: 3436, Time: 00:06:34

HP:   0/51 (52)     AC:  6    Str: 15    XL:     7   Next: 60%
MP:   5/12          EV: 12    Int: 20    God:    Cheibriados [*.....]
Gold: 228           SH:  0    Dex: 23    Spells: 4/13 levels left

rFire   + . .        u - staff of earth
rCold   . . .        n - orb {light}
rNeg    . . .        D - +0 leather armour {rF+}
rPois   .            (helmet unavailable)
rElec   .            (no cloak)
rCorr   .            (no gloves)
SInv    +            z - +2 pair of boots
Will    .....        (no amulet)
Stlth   +            q - +6 ring of dexterity
HPRegen 0.28/turn    (no ring)
MPRegen 0.13/turn

%: no passive effects
@: glowing, lightly drained, very slow
A: permanent stasis, dig shafts and tunnels, antennae 3, four strong arms
a: Dig, Shaft Self, Renounce Religion, Bend Time


You were on level 5 of the Dungeon.
You worshipped Cheibriados.
Cheibriados was aware of your devotion.
You visited 1 branch of the dungeon, and saw 5 of its levels.

You collected 228 gold pieces.

Inventory:

Hand Weapons
 d - a +0 sling
 f - a +0 trident
 v - a +1 mace of protection
 B - a +0 dagger of venom
Missiles
 A - 2 poisoned darts
Armour
 a - a +0 chain mail
 n - an orb of light (worn)
 o - a +0 ring mail
 s - a +0 scale mail
 z - a +2 pair of boots (worn)
 D - a +0 leather armour of fire resistance (worn)
Magical Staves
 u - a staff of earth (weapon)
Jewellery
 q - a +6 ring of dexterity (left hand)
Wands
 r - a wand of flame (8)
 C - a wand of paralysis (9)
Scrolls
 j - 3 scrolls of identify {unknown}
 k - 4 scrolls of teleportation {unknown}
 l - a scroll of revelation {unknown}
 t - a scroll of immolation {unknown}
 x - 2 scrolls of vulnerability {unknown}
 y - a scroll of noise {unknown}
Potions
 b - a potion of magic
 c - 2 potions of mutation {unknown}
 e - 2 potions of might {unknown}
 g - a potion of curing {unknown}
 h - a potion of ambrosia {unknown}
 i - 3 potions of brilliance {unknown}
 m - a potion of attraction {unknown}
 p - 3 potions of enlightenment {unknown}
 w - a potion of lignification {unknown}


   Skills:
 + Level 3.4 Fighting
 - Level 0.8 Ranged Weapons
 - Level 1.7 Dodging
 - Level 2.4 Stealth
 + Level 3.6 Spellcasting
 - Level 3.0 Conjurations
 * Level 7.0 Earth Magic


You had 4 spell levels left.
You knew the following spells:

 Your Spells              Type           Power      Damage    Failure   Level
a - Sandblast             Erth           94%        2d19      1%          1
b - Passwall              Erth           47%        N/A       2%          3
c - Stone Arrow           Conj/Erth      70%        3d11      6%          3
s - Sublimation of Blood  Necr           3%         N/A       26%         2

Your spell library contained the following spells:

 Spells                   Type           Power      Damage    Failure   Level
 Static Discharge         Conj/Air       18%        3-4/arc   14%         2
 Slow                     Hex            12%        N/A       17%         1
 Brom's Barrelling Bould  Conj/Erth      35%        2d5       21%         4
 Petrify                  Alch/Erth      26%        N/A       36%         4
 Confusing Touch          Hex            3%         N/A       45%         3
 Ozocubu's Armour         Ice            3%         N/A       45%         3
 Sigil of Binding         Hex            3%         N/A       45%         3
 Vampiric Draining        Necr           3%         2d6       45%         3
 Airstrike                Air            1%         2d(1-17)  86%         4
 Summon Lightning Spire   Summ/Air       3%         N/A       86%         4
 Irradiate                Conj/Alch      4%         3d13      94%         5
 Metabolic Englaciation   Hex/Ice        1%         N/A       99%         5
 Sculpt Simulacrum        Ice/Alch       1%         N/A       100%        6


Dungeon Overview and Level Annotations

Branches:
Dungeon (5/15)
 Temple: D:4-7

Altars:
Cheibriados
Dithmenos
Ru


Innate Abilities, Weirdness & Mutations

You cannot be hasted, slowed, berserked, paralysed or teleported.
You can dig through walls and to a lower floor.
You have a pair of large antennae on your head. (SInv)
Your four strong arms can wield two-handed weapons with a shield.


Message History

The orc priest hits you but does no damage. x2
The orc completely misses you. The orc wizard misses you.
The orc priest calls down the wrath of Beogh upon you.
Beogh smites you! The flow of time bends around you.
Cheibriados rebukes the orc.
The orc seems to slow down.
Cheibriados rebukes the orc.
The orc seems to slow down.
Cheibriados rebukes the orc priest.
The orc priest seems to slow down.
Cheibriados rebukes the orc wizard.
The orc wizard seems to slow down.
The orc priest resists with some effort.
The orc priest hits you but does no damage.
Unknown command.
Unknown command.
Okay, then.
Aiming: Sandblast (safe; 1% risk of failure)
Press: ? - help, Q - select action, (/) - cycle Shift-Dir - straight line, f/p - orc priest
Aim: an orc priest, wielding a +0 hand axe and wearing a +0 leather armour (moderately wounded, haloed, 88% to hit)
You feel a surge of power!
The blast of sand hits the orc priest!
You kill the orc priest!
Cheibriados appreciates the change of pace.
The orc wizard casts a spell at you.
The magic dart hits you but does no damage.
The orc priest closely misses you. The orc hits you with a +0 hand axe.
The orc misses you.
Your Earth Magic skill increases to level 7!
Aiming: Sandblast (safe; 1% risk of failure)
Press: ? - help, Q - select action, (/) - cycle Shift-Dir - straight line, f - ogre
Aim: an ogre, wielding a +0 giant spiked club (haloed, 94% to hit)
You feel a surge of power!
The blast of sand hits the ogre!
The ogre is heavily wounded.
The phantom closely misses you. The orc completely misses you.
The orc priest hits you with a +0 club. The orc wizard barely misses you.
The orc barely misses you.
The ogre hits you with a +0 giant spiked club!!
Ouch! That really hurt!
You die...

..............
. .............
.. ............
##. ...........
.... ..........
.....#.........
......oO.......
......o@o......
#.....W.o......
####...........
#...........
##..........
...........
............
....$.......#


You could see an ogre, a phantom, an orc priest (slow), an orc wizard (slow) and
2 orcs.

Vanquished Creatures
  2 hounds
  2 bombardier beetles (D:4)
  A gnoll bouda (D:4)
  2 orc priests
  Ijyb (D:4)
  3 orc wizards (D:4)
  Robin (D:2)
  7 adders
  4 gnolls (D:4)
  5 dart slugs
  5 ribbon worms
  12 orcs
  2 ball pythons
  6 bats
  10 endoplasms
  2 giant cockroaches
  13 goblins
  12 hobgoblins
  6 jackals
  10 kobolds
  2 quokkas (D:2)
  3 frilled lizards
  3 rats
114 creatures vanquished.

Notes
Turn   | Place    | Note
-------+----------+-------------------------------------------
     0 | D:1      | Bnni the Formicid Earth Elementalist began the quest for
                  | the Orb.
     0 | D:1      | Reached XP level 1. HP: 13/13 MP: 3/3
    87 | D:1      | Reached XP level 2. HP: 20/20 MP: 3/5
   114 | D:1      | Reached skill level 4 in Earth Magic
   260 | D:1      | Reached skill level 1 in Conjurations
   361 | D:1      | Reached XP level 3. HP: 25/25 MP: 6/6
   585 | D:1      | Reached skill level 1 in Fighting
  1059 | D:2      | Reached XP level 4. HP: 32/32 MP: 0/7
  1063 | D:2      | Learned a level 3 spell: Passwall
  1067 | D:2      | Learned a level 3 spell: Stone Arrow
  1298 | D:2      | Noticed Robin
  1312 | D:2      | Killed Robin
  1402 | D:2      | Reached skill level 5 in Earth Magic
  1415 | D:2      | Reached XP level 5. HP: 38/38 MP: 6/8
  2045 | D:3      | Found a snail-covered altar of Cheibriados.
  2054 | D:3      | Became a worshipper of Cheibriados the Contemplative
  2058 | D:3      | Learned a level 2 spell: Sublimation of Blood
  2106 | D:3      | Reached XP level 6. HP: 44/44 MP: 5/9
  2268 | D:3      | Found a sacrificial altar of Ru.
  2814 | D:4      | Reached * piety under Cheibriados
  2850 | D:4      | Reached skill level 6 in Earth Magic
  2936 | D:4      | Reached XP level 7. HP: 51/51 MP: 5/11
  3174 | D:4      | Found a shadowy altar of Dithmenos.
  3174 | D:4      | Noticed Ijyb
  3177 | D:4      | Killed Ijyb
  3417 | D:4      | Noticed a yak
  3417 | D:4      | Noticed a yak
  3420 | D:4      | Noticed a yak
  3431 | D:5      | Entered Level 5 of the Dungeon
  3436 | D:5      | Reached skill level 7 in Earth Magic
  3436 | D:5      | Slain by an ogre

Illustrated notes

Levels and vault maps discovered:
D:1:      minmay_arrival_floating_metal, layout_loops_ring
D:2:      layout_basic, minmay_pentomino_o4, uniq_robin
D:3:      layout_loops_ring, cheibriados_altar_1, nicolae_ru_path_of_blood
D:4:      layout_cave_pools, nicolae_dithmenos_the_darkroom, corexii_shack,
          uniq_ijyb
D:5:      layout_cave_pools, mainiacjoe_overflow_cross_hatched

Skill      XL: |  1  2  3  4  5  6  7 |
---------------+----------------------+-----
Earth Magic    | 4 5 6 7 |  7.0
Conjurations   | 1 2 3 |  3.0
Fighting       | 1 2 3 |  3.4
Spellcasting   | 3 |  3.6
Ranged Weapons | |  0.8
Dodging        | |  1.7
Stealth        | |  2.4

Action                     |  1- 3 |  4- 6 |  7- 9 || total
---------------------------+-------+-------+-------++-------
  Melee: Unarmed           |     2 |       |       ||     2
         Staff             |       |     1 |       ||     1
   Fire: Sling             |    46 |    74 |       ||   120
  Throw: Dart              |       |       |     1 ||     1
   Cast: Sandblast         |    19 |    74 |    27 ||   120
 Invoke: Bend Time         |       |       |     1 ||     1
Ability: Dig               |       |     2 |       ||     2
 Armour: Robe              |     7 |    27 |     2 ||    36
         Leather armour    |       |       |     8 ||     8
  Dodge: Dodged            |    12 |    36 |    12 ||    60
